SA
WASHINGTON GENERALS @ DELAWARE 1787 BC
07/26/2029
 
TOP OF THE 1ST
Washington Generals batting - Pitching for Delaware 1787 BC : RHP Juan Ramírez
Pitching: RHP Juan Ramírez
Batting: RHB Júlio Rodríguez 0-0: Called Strike
0-1: Swinging Strike
0-2: Strikes out swinging
Batting: RHB Bill Perkins 0-0: Called Strike
0-1: Hit by Pitch
Batting: RHB Ricardo Sandoval 0-0: Ball
1-0: Ball
2-0: SINGLE (Line Drive, 89S)
Bill Perkins to second
Batting: RHB Daryl Yandell 0-0: Called Strike
0-1: Ball
1-1: Foul Ball, location: 2F
1-2: Ball
2-2: Foul Ball, location: 2F
2-2: Strikes out swinging
Batting: RHB Alonso Vielma 0-0: Foul Ball, location: 2F
0-1: Ball
1-1: Fielders Choice at 2nd, 5-4 (Groundball, 56)
Top of the 1st over - 0 runs, 1 hit, 0 errors, 2 left on base; Washington 0 - Delaware 0
BOTTOM OF THE 1ST
Delaware 1787 BC batting - Pitching for Washington Generals : RHP Jeff Rollins
Pitching: RHP Jeff Rollins
Batting: LHB Xuan-ling Liao 0-0: Ball
1-0: Ball
2-0: Ball
3-0: Called Strike
3-1: Fly out, F7 (Flyball, 7S)
Batting: RHB Mike Pate 0-0: Ball
1-0: Called Strike
1-1: Ball
2-1: Ball
3-1: Bunt missed!
3-2: Strikes out swinging
Batting: RHB Jeff Quesenberry 0-0: Foul Ball, location: 2F
0-1: Ball
1-1: Foul Ball, location: 2F
1-2: Strikes out swinging
Bottom of the 1st over - 0 runs, 0 hits, 0 errors, 0 left on base; Washington 0 - Delaware 0
TOP OF THE 2ND
Washington Generals batting - Pitching for Delaware 1787 BC : RHP Juan Ramírez
Batting: RHB Michael Palledorous 0-0: Called Strike
0-1: Foul Ball, location: 2F
0-2: Ball
1-2: Strikes out swinging
Batting: RHB Mike Lipide 0-0: Ball
1-0: Fly out, F5 (Line Drive, 5S)
Batting: RHB Alan Patterson 0-0: Swinging Strike
0-1: Ball
1-1: Ball
2-1: Ball
3-1: Ground out 5-3 (Groundball, 56)
Top of the 2nd over - 0 runs, 0 hits, 0 errors, 0 left on base; Washington 0 - Delaware 0
BOTTOM OF THE 2ND
Delaware 1787 BC batting - Pitching for Washington Generals : RHP Jeff Rollins
Batting: RHB John Willoughby 0-0: Swinging Strike
0-1: Fly out, F7 (Flyball, 7D)
Batting: RHB Elwiin Hund 0-0: Called Strike
0-1: Swinging Strike
0-2: Ball
1-2: Foul Ball, location: 2F
1-2: Ball
2-2: Ball
3-2: Base on Balls
Batting: RHB Malcolm Campbell 0-0: Ball
1-0: SINGLE (Line Drive, 34D)
Elwiin Hund to second
Batting: LHB Donovan Inman 0-0: Ball
1-0: Swinging Strike
1-1: Single, Error in OF, E7, batter to second base
Elwiin Hund scores
Malcolm Campbell to third
Batting: RHB Toyozo Yamasaki 0-0: Swinging Strike
0-1: Ball
1-1: Foul Ball, location: 2F
1-2: Ball
2-2: Strikes out looking
Batting: LHB Hai-feng Tang 0-0: DOUBLE (Groundball, 3L)
Malcolm Campbell scores
Donovan Inman scores
Pinch Runner at 2nd Ron Spencer:
Batting: LHB Xuan-ling Liao 0-0: SINGLE (Groundball, 5D)
Ron Spencer to third
Runner from 3rd tries for Home, SAFE, no throw
Batting: RHB Mike Pate 0-0: Fly out, F4 (Popup, 4S)
Bottom of the 2nd over - 4 runs, 4 hits, 1 error, 1 left on base; Washington 0 - Delaware 4
TOP OF THE 3RD
Washington Generals batting - Pitching for Delaware 1787 BC : RHP Juan Ramírez
Now at 3B: Ron Spencer
Batting: RHB Dan Vanblarcom 0-0: Called Strike
0-1: Swinging Strike
0-2: Ball
1-2: Ball
2-2: Ball
3-2: Strikes out swinging
Batting: RHB Júlio Rodríguez 0-0: Reached on error, E5 (Groundball, 56)
Batting: RHB Bill Perkins 0-0: Ball
1-0: Called Strike
1-1: Ball
2-1: Fly out, F9 (Flyball, 9D)
Batting: RHB Ricardo Sandoval 0-0: Called Strike
0-1: Foul Ball, location: 2F
0-2: Ball
1-2: Ball
2-2: Foul Ball, location: 2F
2-2: Ball
3-2: Ground out 6-3 (Groundball, 6)
Top of the 3rd over - 0 runs, 0 hits, 1 error, 1 left on base; Washington 0 - Delaware 4
BOTTOM OF THE 3RD
Delaware 1787 BC batting - Pitching for Washington Generals : RHP Jeff Rollins
Batting: RHB Jeff Quesenberry 0-0: Foul Ball, location: 2F
0-1: Foul Ball, location: 2F
0-2: Strikes out looking
Batting: RHB John Willoughby 0-0: Called Strike
0-1: Ball
1-1: Ball
2-1: Ball
3-1: Foul Ball, location: 2F
3-2: Base on Balls
Batting: RHB Elwiin Hund 0-0: Called Strike
0-1: Foul Ball, location: 2F
0-2: Ball
1-2: SINGLE (Groundball, 34S) (infield hit)
John Willoughby to second
Batting: RHB Malcolm Campbell 0-0: Ball
1-0: Grounds into double play, 6-4-3 (Groundball, 6)
Bottom of the 3rd over - 0 runs, 1 hit, 0 errors, 1 left on base; Washington 0 - Delaware 4
TOP OF THE 4TH
Washington Generals batting - Pitching for Delaware 1787 BC : RHP Juan Ramírez
Batting: RHB Daryl Yandell 0-0: Called Strike
0-1: Swinging Strike
0-2: Ball
1-2: Strikes out swinging
Batting: RHB Alonso Vielma 0-0: Fly out, F8 (Line Drive, 8LD)
Batting: RHB Michael Palledorous 0-0: Fly out, F8 (Flyball, 89D)
Top of the 4th over - 0 runs, 0 hits, 0 errors, 0 left on base; Washington 0 - Delaware 4
BOTTOM OF THE 4TH
Delaware 1787 BC batting - Pitching for Washington Generals : RHP Jeff Rollins
Batting: LHB Donovan Inman 0-0: Ball
1-0: Ball
2-0: Called Strike
2-1: Foul Ball, location: 2F
2-2: Fly out, F8 (Flyball, 8RM)
Batting: RHB Toyozo Yamasaki 0-0: Called Strike
0-1: Swinging Strike
0-2: Strikes out swinging
Batting: LHB Ron Spencer 0-0: Called Strike
0-1: SOLO HOME RUN (Flyball, 7LD), Distance : 350 ft
Batting: LHB Xuan-ling Liao 0-0: Ball
1-0: Foul Ball, location: 2F
1-1: Foul Ball, location: 2F
1-2: Foul Ball, location: 2F
1-2: Ball
2-2: Ball
3-2: Base on Balls
Batting: RHB Mike Pate 0-0: Swinging Strike
0-1: Foul Ball, location: 2F
0-2: Strikes out swinging
Bottom of the 4th over - 1 run, 1 hit, 0 errors, 1 left on base; Washington 0 - Delaware 5
TOP OF THE 5TH
Washington Generals batting - Pitching for Delaware 1787 BC : RHP Juan Ramírez
Batting: RHB Mike Lipide 0-0: Called Strike
0-1: Called Strike
0-2: Strikes out looking
Batting: RHB Alan Patterson 0-0: Called Strike
0-1: Ball
1-1: Ball
2-1: Foul Ball, location: 2F
2-2: Foul Ball, location: 2F
2-2: Strikes out looking
Batting: RHB Dan Vanblarcom 0-0: Ball
1-0: Called Strike
1-1: Ball
2-1: Ball
3-1: Swinging Strike
3-2: Strikes out swinging
Top of the 5th over - 0 runs, 0 hits, 0 errors, 0 left on base; Washington 0 - Delaware 5
BOTTOM OF THE 5TH
Delaware 1787 BC batting - Pitching for Washington Generals : RHP Jeff Rollins
Batting: RHB Jeff Quesenberry 0-0: Called Strike
0-1: Ground out 6-3 (Groundball, 6)
Batting: RHB John Willoughby 0-0: Ball
1-0: Fly out, F8 (Line Drive, 8LD)
Batting: RHB Elwiin Hund 0-0: Ball
1-0: Foul Ball, location: 2F
1-1: Swinging Strike
1-2: Ball
2-2: Foul Ball, location: 2F
2-2: Ball
3-2: SINGLE (Line Drive, 9LS)
Batting: RHB Malcolm Campbell Pickoff Throw to First - Out!
Bottom of the 5th over - 0 runs, 1 hit, 0 errors, 0 left on base; Washington 0 - Delaware 5
TOP OF THE 6TH
Washington Generals batting - Pitching for Delaware 1787 BC : RHP Juan Ramírez
Batting: RHB Júlio Rodríguez 0-0: Foul Ball, location: 2F
0-1: Foul Ball, location: 2F
0-2: Fly out, F9 (Flyball, 89M)
Batting: RHB Bill Perkins 0-0: Called Strike
0-1: Called Strike
0-2: Ball
1-2: Foul Ball, location: 2F
1-2: Ground out 5-3 (Groundball, 56S)
Batting: RHB Ricardo Sandoval 0-0: Ball
1-0: Ball
2-0: Ball
3-0: Called Strike
3-1: Called Strike
3-2: Ground out 1-3 (Groundball, 15S)
Top of the 6th over - 0 runs, 0 hits, 0 errors, 0 left on base; Washington 0 - Delaware 5
BOTTOM OF THE 6TH
Delaware 1787 BC batting - Pitching for Washington Generals : RHP Jeff Rollins
Pitching: RHP Kyu-jin Yun
Batting: RHB Malcolm Campbell 0-0: Ball
1-0: SINGLE (Line Drive, 8RS)
Batting: LHB Donovan Inman 0-0: Foul Ball, location: 2F
0-1: Ball
1-1: Called Strike
1-2: Ball
2-2: Foul Ball, location: 2F
2-2: Strikes out swinging
Batting: RHB Toyozo Yamasaki 0-0: Ball
1-0: Ball
2-0: Ball
3-0: Called Strike
3-1: Base on Balls
Malcolm Campbell to second
Batting: LHB Ron Spencer 0-0: Ball
1-0: Swinging Strike
1-1: Foul Ball, location: 2F
1-2: Ball
2-2: Ball
Wild Pitch!
Malcolm Campbell to third
Toyozo Yamasaki to second
3-2: Strikes out swinging
Batting: LHB Xuan-ling Liao 0-0: Called Strike
0-1: Fly out, F6 (Popup, 6D)
Bottom of the 6th over - 0 runs, 1 hit, 0 errors, 2 left on base; Washington 0 - Delaware 5
TOP OF THE 7TH
Washington Generals batting - Pitching for Delaware 1787 BC : RHP Juan Ramírez
Batting: RHB Daryl Yandell 0-0: Ball
1-0: Fly out, F9 (Flyball, 89XD)
Batting: RHB Alonso Vielma 0-0: Fly out, F7 (Flyball, 78M)
Batting: RHB Michael Palledorous 0-0: Foul Ball, location: 2F
0-1: Ball
1-1: SINGLE (Line Drive, 7S)
Batting: RHB Mike Lipide 0-0: Ball
1-0: Ball
2-0: Ball
3-0: Called Strike
3-1: Called Strike
3-2: Strikes out swinging
Top of the 7th over - 0 runs, 1 hit, 0 errors, 1 left on base; Washington 0 - Delaware 5
BOTTOM OF THE 7TH
Delaware 1787 BC batting - Pitching for Washington Generals : RHP Kyu-jin Yun
Batting: RHB Mike Pate 0-0: Swinging Strike
0-1: Ball
1-1: Called Strike
1-2: Ball
2-2: Fly out, F5 (Line Drive, 5)
Batting: RHB Jeff Quesenberry 0-0: Called Strike
0-1: Swinging Strike
0-2: Ball
1-2: Reached on error, E6 (Groundball, 6)
Batting: RHB John Willoughby 0-0: Ball
1-0: Called Strike
1-1: SINGLE (Line Drive, 7S)
Jeff Quesenberry to second
Batting: RHB Elwiin Hund 0-0: Ball
1-0: Ball
2-0: Foul Ball, location: 2F
2-1: Foul Ball, location: 2F
2-2: Foul Ball, location: 2F
2-2: Foul Ball, location: 2F
2-2: Ball
3-2: SINGLE (Flyball, 9LS)
Jeff Quesenberry to third
John Willoughby to second
Batting: RHB Malcolm Campbell 0-0: Ball
1-0: Ball
2-0: Called Strike
2-1: Foul Ball, location: 2F
2-2: DOUBLE (Line Drive, 7LM)
Jeff Quesenberry scores
John Willoughby scores
Elwiin Hund to third
Runner from 3rd tries for Home, SAFE, no throw
Batting: LHB Donovan Inman 0-0: Ball
1-0: Foul Ball, location: 2F
1-1: SINGLE (Flyball, 7S)
Malcolm Campbell to third
Runner from 3rd tries for Home, SAFE, no throw
Batting: RHB Toyozo Yamasaki 0-0: Ball
1-0: Called Strike
1-1: Ball
2-1: Ball
3-1: Called Strike
3-2: Foul Ball, location: 2F
3-2: Base on Balls
Donovan Inman to second
Batting: LHB Ron Spencer 0-0: Ball
1-0: Called Strike
1-1: SINGLE (Line Drive, 4M)
Donovan Inman to third
Toyozo Yamasaki to second
Batting: LHB Xuan-ling Liao 0-0: Ball
1-0: Ball
2-0: Swinging Strike
2-1: Called Strike
2-2: Strikes out swinging
Batting: RHB Mike Pate 0-0: Foul Ball, location: 2F
0-1: Ball
1-1: SINGLE (Groundball, 5S) (infield hit)
Donovan Inman scores
Toyozo Yamasaki to third
Ron Spencer to second
Batting: RHB Jeff Quesenberry 0-0: Ground out 4-3 (Groundball, 4MS)
Bottom of the 7th over - 5 runs, 6 hits, 1 error, 3 left on base; Washington 0 - Delaware 10
TOP OF THE 8TH
Washington Generals batting - Pitching for Delaware 1787 BC : RHP Juan Ramírez
Now in RF: Tobias Jimenez
Batting: RHB Alan Patterson 0-0: Fly out, F9 (Flyball, 89M)
Batting: RHB Dan Vanblarcom 0-0: Called Strike
0-1: Called Strike
0-2: Ball
1-2: Strikes out looking
Batting: RHB Júlio Rodríguez 0-0: Swinging Strike
0-1: Swinging Strike
0-2: Foul Ball, location: 2F
0-2: Ball
1-2: Strikes out swinging
Top of the 8th over - 0 runs, 0 hits, 0 errors, 0 left on base; Washington 0 - Delaware 10
BOTTOM OF THE 8TH
Delaware 1787 BC batting - Pitching for Washington Generals : RHP Kyu-jin Yun
Batting: RHB John Willoughby 0-0: Called Strike
0-1: SINGLE (Groundball, 6MD)
Batting: RHB Elwiin Hund 0-0: Ball
1-0: Called Strike
1-1: Ball
2-1: Ball
3-1: Base on Balls
John Willoughby to second
Batting: RHB Malcolm Campbell 0-0: Called Strike
0-1: Foul Ball, location: 2F
0-2: Foul Ball, location: 2F
0-2: Ball
1-2: Foul Ball, location: 2F
1-2: Ball
2-2: Strikes out swinging
Batting: LHB Donovan Inman 0-0: Ball
1-0: Ball
2-0: SINGLE (Groundball, 15) (infield hit)
John Willoughby to third
Elwiin Hund to second
Batting: RHB Toyozo Yamasaki 0-0: Ball
1-0: Reached on error, E3 (Groundball, 34)
John Willoughby scores
Elwiin Hund to third
Donovan Inman to second
Batting: LHB Ron Spencer 0-0: Ball
1-0: Fielders Choice at 2nd, 4-6 (Groundball, 4)
Elwiin Hund scores
Donovan Inman to third
Batting: RHB Tobias Jimenez 0-0: SINGLE (Flyball, 8LS)
Donovan Inman scores
Ron Spencer to second
Runner from 2nd tries for 3rd, SAFE, throw made to third
Batting: RHB Mike Pate 0-0: Foul Ball, location: 2F
0-1: Ball
1-1: Ball
2-1: SINGLE (Groundball, 4MD)
Ron Spencer scores
Tobias Jimenez to second
Batting: RHB Jeff Quesenberry 0-0: Ground out 4-3 (Groundball, 34)
Bottom of the 8th over - 4 runs, 4 hits, 1 error, 2 left on base; Washington 0 - Delaware 14
TOP OF THE 9TH
Washington Generals batting - Pitching for Delaware 1787 BC : RHP Juan Ramírez
Now at C: Tomás Cameros
Batting: RHB Bill Perkins 0-0: Ball
1-0: Swinging Strike
1-1: Called Strike
1-2: Strikes out looking
Batting: RHB Ricardo Sandoval 0-0: Ball
1-0: Swinging Strike
1-1: Swinging Strike
1-2: Strikes out swinging
Batting: RHB Daryl Yandell 0-0: Called Strike
0-1: Foul Ball, location: 2F
0-2: Strikes out looking
Top of the 9th over - 0 runs, 0 hits, 0 errors, 0 left on base; Washington 0 - Delaware 14
Tuesday, December 19th, 2017 - OOTP Baseball 18.8 Build 76